 Dungeon Crawl Stone Soup version 0.28-a0-751-gef3a642a4e (webtiles) character file.

Game seed: 3719265113840098825

272 lawman0 the Insei (level 6, -7/44 HPs)
             Began as a Djinni Transmuter on Oct 30, 2021.
             Was an Initiate of Cheibriados.
             Killed by divine providence
             ... invoked by an orc priest
              (12 damage)
             ... on level 5 of the Dungeon.
             The game lasted 00:07:31 (5654 turns).

lawman0 the Insei (Djinni Transmuter)               Turns: 5654, Time: 00:07:32

Health: -7/44      AC:  7    Str: 10    XL:     6   Next: 48%
Gold:   146        EV: 12    Int: 18    God:    Cheibriados [......] SH:  0 Dex: 14

rFire   + + .      SeeInvis .     - Unarmed
rCold   . . .      Faith    .   (no shield)
rNeg    . . .      Spirit   .   k - +3 leather armour {rC+}
rPois   ∞          Reflect  .   e - +0 helmet
rElec   .          Harm     .   (no cloak)
rCorr   +          Rampage  .   (no gloves)
Will    .....                   (boots unavailable)
Stlth   +.........              (no amulet)
HPRegen 0.14/turn               l - ring of resist corrosion
MPRegen 0.00/turn               (no ring)

@: flying, very slightly contaminated, invisible (expiring), very slow
A: sickness immunity, fire resistance 2, cold vulnerability 1, float, innate
caster, hp casting, extra vitality 1
a: Renounce Religion, Bend Time


You were on level 5 of the Dungeon.
You worshipped Cheibriados.
Cheibriados was noncommittal.
You visited 1 branch of the dungeon, and saw 5 of its levels.

You collected 146 gold pieces.

Inventory:

Missiles
 g - 30 poisoned darts (quivered)
Armour
 e - a +0 helmet (worn)
 k - a +3 leather armour of cold resistance (worn)
Jewellery
 l - a ring of resist corrosion (left hand)
Scrolls
 a - a scroll of enchant weapon
 f - a scroll of magic mapping
 h - a scroll of vulnerability {unknown}
 j - a scroll of blinking {unknown}
Potions
 b - 2 potions of flight
 m - a potion of invisibility


   Skills:
 * Level 2.3 Fighting
 + Level 1.2 Armour
 + Level 2.9 Dodging
 + Level 0.8 Stealth
 * Level 5.0 Unarmed Combat
 + Level 2.4 Spellcasting


You couldn't memorise any spells.
You knew the following spells:

 Your Spells              Type           Power      Damage    Failure   Level
a - Beastly Appendage     Tmut           22%        N/A       9%          1
b - Wereblood             Tmut           11%        N/A       12%         2
c - Spider Form           Tmut/Pois      5%         N/A       24%         3
d - Ice Form              Ice/Tmut       11%        N/A       63%         4
e - Freeze                Ice            44%        1d6       9%          1
f - Scorch                Fire           22%        2d6       12%         2
Your spell library was empty.

Dungeon Overview and Level Annotations

Branches:
Dungeon (5/15)
 Temple: D:4-7

Altars:
Cheibriados
Dithmenos


Innate Abilities, Weirdness & Mutations

You are immune to sickness and miasma.
You are immune to poison.
Your flesh is very heat resistant. (rF++)
You are vulnerable to cold. (rC-)
You float through the air rather than walking.
You learn spells naturally, not from books.
Your magical power is your life essence.
You have superior vitality. (+4 HP)


Message History

The phantom is heavily damaged.
You hear a shout!
The orc priest invokes the aid of Beogh against you.
Beogh smites you! The phantom hits you.
* * * LOW HITPOINT WARNING * * *
As you read the scroll labelled IREOZ ILOO, it crumbles to dust.
The creatures around you are filled with an inner flame!
It was a scroll of immolation.
The phantom hits you.
* * * LOW HITPOINT WARNING * * *
The phantom blinks!
You blink.
The phantom hits you.
* * * LOW HITPOINT WARNING * * *
An orc priest comes into view. It is wielding a +0 mace.
An orc comes into view. It is wielding a +0 hand axe.
The orc shouts!
The orc priest looks encouraged for a moment.
Unknown command.
It was a potion of flight.
You feel more buoyant. The phantom hits you.
* * * LOW HITPOINT WARNING * * *
The phantom blinks!
You blink.
It was a potion of invisibility.
You fade into invisibility!
Your transformation is almost over.
You are very lightly contaminated with residual magic.
Unknown command.
It was a potion of curing.
You feel better.
Found a stone staircase leading down.
The phantom hits you!
* * * LOW HITPOINT WARNING * * *
The phantom blinks!
You blink.
Your horns disappear.
Your +0 helmet unmelds from your body.
The phantom hits you.
* * * LOW HITPOINT WARNING * * *
Something unseen opens the door.
You flicker for a moment.
The phantom misses you.
The orc priest mumbles some strange prayers to Beogh against you.
Beogh smites you!
You die...

########
##+#...<..#
#§...#.##.#.#
#§...#.##.#.#
#....#.##.#.#
..oo..#.#.##.#.##+#
#######.#....#.#..#
.............#.#@#
#######....o.#.#W#
#....o.#.#o#
###o...#.#.######
....(.....o....>...
#####.###o#+####.##
.... .. ####... ...


You could see a phantom (inner flame), an orc priest (inner flame) and an orc
(inner flame).

Vanquished Creatures
  A necrophage (D:4)
  Ijyb (D:3)
  A gnoll (D:1)
  5 adders
  A howler monkey skeleton (D:4)
  2 worms
  5 dart slugs
  3 orcs (D:4)
  8 endoplasms
  2 giant cockroaches
  2 goblins
  3 hobgoblins
  4 jackals
  5 quokkas
  9 ball pythons
  7 bats
  4 frilled lizards
  6 kobolds
  6 rats
75 creatures vanquished.

Vanquished Creatures (others)
  9 plants (D:3)
9 creatures vanquished.

Grand Total: 84 creatures vanquished

Notes
Turn   | Place    | Note
-------+----------+-------------------------------------------
     0 | D:1      | lawman0 the Djinni Transmuter began the quest for the Orb.
     0 | D:1      | Reached XP level 1. HP: 17/17 MP: 0/0
   683 | D:1      | Reached XP level 2. HP: 22/22 MP: 0/0
  1019 | D:1      | Reached XP level 3. HP: 27/27 MP: 0/0
  1019 | D:1      | Learned a level 1 spell: Freeze
  1771 | D:1      | Found a faded altar of an unknown god.
  2454 | D:2      | Reached skill level 4 in Unarmed Combat
  2454 | D:2      | Reached XP level 4. HP: 19/32 MP: 0/0
  3806 | D:3      | Found a snail-covered altar of Cheibriados.
  3824 | D:3      | Became a worshipper of Cheibriados the Contemplative
  3999 | D:3      | You are sucked into a shaft and drop 1 floor!
  4254 | D:3      | Reached XP level 5. HP: 30/37 MP: 0/0
  4254 | D:3      | Learned a level 2 spell: Scorch
  4502 | D:3      | Noticed Ijyb
  4519 | D:3      | Killed Ijyb
  4674 | D:3      | Found a shadowy altar of Dithmenos.
  5187 | D:4      | Noticed a necrophage
  5434 | D:4      | Killed a necrophage
  5435 | D:4      | Reached skill level 1 in Armour
  5435 | D:4      | Reached skill level 5 in Unarmed Combat
  5435 | D:4      | Reached XP level 6. HP: 43/44 MP: 0/0
  5602 | D:4      | Noticed an orc warrior
  5620 | D:5      | Entered Level 5 of the Dungeon
  5654 | D:5      | Killed from afar by an orc priest

Illustrated notes

Levels and vault maps discovered:
D:1:      dpeg_arrival_simpleton_b, layout_basic,
          hellmonk_ecumenical_altar_pennies_from_heaven, lemuel_old_faithful
D:2:      layout_loops_ring, serial_bayou_pond_d, minmay_cut_off
D:3:      layout_basic, mainiacjoe_overflow_chevrons, kennysheep_slug_shrine,
          uniq_ijyb
D:4:      layout_basic, nzn_overflow_gifts_of_might_and_magic
D:5:      layout_basic, serial_shops, kennysheep_mini

Skill      XL: |  1  2  3  4  5 |
---------------+----------------+-----
Unarmed Combat | 4 5 |  5.0
Spellcasting   | 2 |  2.4
Fighting       | 2 |  2.3
Armour         | 1 |  1.2
Dodging        | |  2.9
Stealth        | |  0.8

Action                   |  1- 3 |  4- 6 || total
-------------------------+-------+-------++-------
Melee: Unarmed           |   137 |   186 ||   323
       Headbutt          |    15 |     8 ||    23
       Punch             |     1 |     3 ||     4
Throw: Dart              |       |    29 ||    29
 Cast: Beastly Appendage |    22 |    14 ||    36
       Freeze            |     5 |    14 ||    19
       Spider Form       |       |     1 ||     1
       Scorch            |       |     1 ||     1
Evoke: Wand              |       |     3 ||     3
  Use: Scroll            |       |     6 ||     6
       Potion            |       |     3 ||     3
 Stab: Sleeping          |     1 |     1 ||     2
Armor: Robe              |    16 |       ||    16
       Leather armour    |     5 |    52 ||    57
Dodge: Dodged            |   105 |   114 ||   219

Table legend: (Time is in decaauts)
 A = Elapsed time spent in this place.
 B = Non-inter-level travel time spent in this place.
 C = Inter-level travel time spent in this place.
 D = Time resting spent in this place.
 E = Time spent auto-exploring this place.
 F = Levels seen in this place.
 G = Mean time per level.
                   A        B        C        D        E       F      G
               +--------+--------+--------+--------+--------+-----+--------+
         Total |   5940 |   5816 |    124 |    896 |   3922 |   5 | 1188.0 |
       Dungeon |   5940 |   5816 |    124 |    896 |   3922 |   5 | 1188.0 |
               +--------+--------+--------+--------+--------+-----+--------+

Top non-repeatable levels by time:
     D:1: 2301 daAuts
     D:2: 1491 daAuts
     D:3: 1335 daAuts
     D:4: 772 daAuts
     D:5: 38 daAuts
